 Dungeon Crawl Stone Soup version 0.18-a0-1730-g73f0523 (webtiles) character file.

5173 abixa the Covert (level 10, -13/59 HPs)
             Began as a Kobold Enchanter on Apr 10, 2016.
             Was a Priest of Dithmenos.
             Mangled by Gastronok (27 damage)
             ... on level 10 of the Dungeon.
             The game lasted 01:09:49 (11997 turns).

abixa the Covert (Kobold Enchanter)                Turns: 11997, Time: 01:09:50

Health: -13/59     AC:  7    Str:  7    XL:     10   Next: 90%
Magic:  23/23      EV: 18    Int: 18    God:    Dithmenos [***...]
Gold:   546        SH:  7    Dex: 17    Spells: 4 memorised, 6 levels left

rFire  . . .     SeeInvis .     V - +4 morningstar of Suamm {drain, Int+2}
rCold  . . .     Gourm    .     G - +2 animal skin
rNeg   . . .     Faith    .     w - +0 buckler (curse)
rPois  .         Spirit   .     B - +0 helmet (curse)
rElec  .         Dismiss  .     C - +1 cloak {MR+}
rCorr  .         Reflect  .     (no gloves)
SustAt .         Harm     .     (no boots)
MR     +....                    (no amulet)
Stlth  +++++++...               (no ring)
                                r - ring of magical power

@: wreathed by umbra, somewhat resistant to hostile enchantments, extremely
stealthy
A: carnivore 3
a: Shadow Step, Renounce Religion


You were on level 10 of the Dungeon.
You worshipped Dithmenos.
Dithmenos was most pleased with you.
You were completely stuffed.

You visited 2 branches of the dungeon, and saw 11 of its levels.

You collected 546 gold pieces.

Inventory:

Hand Weapons
 a - a +1 dagger
 b - a +0 blowgun
 V - the +4 morningstar of Suamm (weapon) {drain, Int+2}
   (You found it on level 9 of the Dungeon)

   A truly terrible weapon, it drains the life of those it strikes.
   It affects your intelligence (+2).
Missiles
 x - 16 poisoned needles
 M - 4 curare-tipped needles
 O - 3 throwing nets (quivered)
 Y - 19 sling bullets
Armour
 w - a cursed +0 buckler (worn)
 B - a cursed +0 helmet (worn)
 C - a +1 cloak of magic resistance (worn)
 G - a +2 animal skin (worn)
 W - the +8 chain mail of Immorality {rC+, unknown}
   (You found it on level 9 of the Dungeon)

   It protects you from cold.
Magical Staves
 m - an uncursed staff of air {unknown}
Jewellery
 r - a ring of magical power (left hand)
 u - an uncursed ring of fire
Wands
 F - a wand of slowing (24/48)
 J - a wand of iceblast (7/15)
 K - a wand of slowing (27/48)
 L - a wand of flame (12/48)
 N - a wand of teleportation (7/9)
 Q - a wand of disintegration (11/24)
Scrolls
 e - 7 scrolls of teleportation
 f - 4 scrolls of remove curse
 j - 4 scrolls of immolation
 l - 2 scrolls of identify
 p - 2 scrolls of fear {unknown}
 q - 4 scrolls of amnesia
 s - 4 scrolls of fog
 y - 2 scrolls of enchant armour {unknown}
 A - 2 scrolls of recharging {unknown}
 I - 3 scrolls of enchant weapon {unknown}
 R - 2 scrolls of magic mapping {unknown}
 S - a scroll of noise {unknown}
 T - a scroll of random uselessness {unknown}
 U - a scroll of holy word {unknown}
Potions
 g - 5 potions of brilliance
 h - 9 potions of curing
 i - 3 potions of might {unknown}
 n - a potion of haste {unknown}
 o - 3 potions of heal wounds {unknown}
 t - a potion of berserk rage {unknown}
 v - 2 potions of mutation {unknown}
 D - 4 potions of cure mutation
 E - 3 potions of flight {unknown}
 H - a potion of resistance {unknown}
 P - 2 potions of degeneration {unknown}
Books
 c - a book of Maledictions

   Spells                             Type                      Level
   a - Corona                         Hexes                        1
   b - Ensorcelled Hibernation        Hexes/Ice                    2
   c - Confuse                        Hexes                        3
   d - Tukima's Dance                 Hexes                        3
   e - Dazzling Spray                 Conjuration/Hexes            3
Comestibles
 d - 2 meat rations
 k - 9 slices of pizza
 z - 2 beef jerkies
 X - a chunk of flesh


   Skills:
 + Level 5.5 Fighting
 * Level 8.5 Short Blades
 * Level 5.4 Dodging
 * Level 9.2 Stealth
 - Level 5.6 Shields
 + Level 3.1 Spellcasting
 + Level 6.5 Hexes
 + Level 5.1 Ice Magic


You had 6 spell levels left.
You knew the following spells:

 Your Spells              Type           Power        Failure   Level  Hunger
a - Corona                Hex            ####...      1%          1    None
b - Ensorcelled Hibernat  Hex/Ice        ###...       1%          2    ##.....
c - Confuse               Hex            ####....     3%          3    ###....
d - Tukima's Dance        Hex            ####....     3%          3    ###....


Dungeon Overview and Level Annotations

Branches:
Dungeon (10/15)            Temple (1/1) D:5
   Lair: D:8-11         Orc: D:9-12

Altars:
Ashenzari
Cheibriados
Dithmenos
Elyvilon
Fedhas
Gozag
Kikubaaqudgha
Makhleb
Nemelex Xobeh
Okawaru
Pakellas
Qazlal
Ru
Sif Muna
Trog
Vehumet
Xom
Yredelemnul
Zin
The Shining One

Annotations:
D:1 !disint
D:10 Gastronok; Voda's ghost, novice OpFi


Innate Abilities, Weirdness & Mutations

You are small and have problems with some larger weapons.
You are carnivorous and can eat meat at any time.


Message History

Aiming: Corona
Press: ? - help, Shift-Dir - straight line, f - Gastronok
Aim: Gastronok, wearing a runed hat (black smoke, heavily wounded, covering ground quickly, lightly drained, umbra, chance to defeat MR: 18%)
Okay, then.
Unknown command.
You puncture Gastronok!
Gastronok is heavily wounded.
You sock Gastronok! You drain Gastronok!
Gastronok is severely wounded.
Gastronok completely misses you.
You puncture Gastronok!
Gastronok is severely wounded.
Gastronok bites you!
* * * LOW HITPOINT WARNING * * *
You hit Gastronok.
Gastronok is severely wounded.
You hit Gastronok.
Gastronok is severely wounded.
Gastronok bites you!!
You die...

#.##.#.# .. #.##...####
##.# .# ##.##......#
#.. .#
#..#.......###.###.####
..#.........##(.......#
<##...................#
###...................#
#..÷........#§......#
#..........##§@.....#
#..........##§§w....#
#..........##§§§......
#.........###........#
#.........# #.........
..........# #....<..##
..........## ...###..#
#### .?#


You could see Gastronok.

Vanquished Creatures
  Grinder (D:4)
  Sigmund (D:5)
  5 yaks
  A hippogriff (D:9)
  Edmund (D:4)
  A soldier ant (D:8)
  A black bear (D:7)
  7 ogres
  2 orc warriors
  A sky beast (D:5)
  A necrophage (D:8)
  4 centaurs
  3 giant frogs
  Blork the orc (D:5)
  4 scorpions
  5 killer bees (D:7)
  An electric eel (D:8)
  3 crimson imps
  A centaur zombie (D:4)
  A quasit (D:9)
  A centaur skeleton (D:9)
  3 hounds
  2 jellies
  5 orc priests
  Crazy Yiuf (D:3)
  3 gnoll shamans (D:6)
  2 orc wizards
  3 giant frog skeletons
  6 worker ants
  4 hound zombies
  A howler monkey zombie (D:8)
  Robin (D:4)
  39 gnolls
  9 adders
  A howler monkey skeleton (D:9)
  3 shadow imps
  3 oozes
  3 worms
  An adder zombie (D:9)
  2 dart slugs
  3 giant geckos
  23 orcs
  5 giant cockroaches
  18 goblins
  10 hobgoblins
  21 jackals
  8 quokkas
  13 bats
  A giant cockroach zombie (D:5)
  A giant gecko skeleton (D:4)
  4 giant newts
  2 jackal zombies
  9 kobolds
  A quokka skeleton (D:4)
  A quokka zombie (D:5)
  9 rats
267 creatures vanquished.

Vanquished Creatures (others)
  A fire dragon (D:2)
  An ice beast (D:6)
  A lightning spire (D:2)
  A worker ant (D:5)
  2 bushes (D:2)
6 creatures vanquished.

Grand Total: 273 creatures vanquished

Notes
Turn   | Place    | Note
--------------------------------------------------------------
     0 | D:1      | abixa the Kobold Enchanter began the quest for the Orb.
     0 | D:1      | Reached XP level 1. HP: 10/10 MP: 3/3
   133 | D:1      | Reached XP level 2. HP: 11/15 MP: 0/5
   137 | D:1      | Learned a level 2 spell: Ensorcelled Hibernation
   804 | D:1      | Reached XP level 3. HP: 12/19 MP: 4/6
   944 | D:1      | Learned a level 3 spell: Confuse
  1603 | D:1      | Reached XP level 4. HP: 10/24 MP: 2/7
  2031 | D:2      | Reached XP level 5. HP: 28/28 MP: 8/8
  2073 | D:2      | Reached skill level 1 in Ice Magic
  2354 | D:2      | Found an oddly glowing altar of Pakellas.
  2355 | D:2      | Noticed a fire dragon
  2369 | D:2      | Killed a fire dragon
  2628 | D:2      | Reached skill level 5 in Stealth
  3488 | D:3      | Reached skill level 1 in Shields
  3992 | D:3      | Noticed Crazy Yiuf
  3996 | D:3      | Killed Crazy Yiuf
  3996 | D:3      | Reached XP level 6. HP: 32/32 MP: 9/9
  4378 | D:4      | Noticed Grinder
  4389 | D:4      | Noticed Edmund
  4400 | D:4      | Killed Edmund
  4400 | D:4      | Reached XP level 7. HP: 36/36 MP: 7/10
  4814 | D:4      | Found a shattered altar of Ashenzari.
  4862 | D:4      | Noticed Robin
  4894 | D:4      | Killed Robin
  5010 | D:4      | Killed Grinder
  5010 | D:4      | Reached skill level 5 in Shields
  5010 | D:4      | Reached XP level 8. HP: 37/41 MP: 11/11
  5021 | D:4      | Learned a level 3 spell: Tukima's Dance
  5235 | D:4      | Reached skill level 1 in Fighting
  5403 | D:5      | Entered Level 5 of the Dungeon
  5517 | D:5      | Noticed Blork the orc
  5536 | D:5      | Reached skill level 5 in Short Blades
  5634 | D:5      | Killed Blork the orc
  5660 | D:5      | Found a white marble altar of Elyvilon.
  5703 | D:5      | Noticed Sigmund
  5707 | D:5      | Found an iron altar of Okawaru.
  5709 | D:5      | Reached skill level 5 in Hexes
  5911 | D:5      | Killed Sigmund
  5911 | D:5      | Reached XP level 9. HP: 49/49 MP: 12/12
  6082 | D:5      | Found a staircase to the Ecumenical Temple.
  6091 | Temple   | Entered the Ecumenical Temple
  6127 | Temple   | Became a worshipper of Dithmenos the Shadowed
  6243 | D:5      | Reached skill level 6 in Stealth
  6297 | D:5      | Found a burning altar of Makhleb.
  6565 | D:5      | Found a deep blue altar of Sif Muna.
  6844 | D:6      | Reached * piety under Dithmenos
  7320 | D:6      | Reached skill level 7 in Stealth
  7540 | D:6      | Found a stormy altar of Qazlal.
  8146 | D:6      | Reached ** piety under Dithmenos
  8760 | D:6      | Reached XP level 10. HP: 44/58 MP: 13/13
  8890 | D:7      | Reached skill level 8 in Stealth
  9704 | D:7      | Found a glowing silver altar of Zin.
  9887 | D:7      | Reached skill level 5 in Fighting
  9890 | D:8      | Found a white marble altar of Elyvilon.
 10680 | D:8      | Reached skill level 5 in Ice Magic
 11111 | D:9      | Got an ancient morningstar
 11152 | D:9      | Got a faintly glowing chain mail
 11278 | D:9      | Reached skill level 5 in Dodging
 11411 | D:9      | Reached skill level 9 in Stealth
 11418 | D:9      | Reached *** piety under Dithmenos
 11910 | D:10     | Entered Level 10 of the Dungeon
 11910 | D:10     | Noticed Voda's ghost (novice OpFi)
 11976 | D:10     | Noticed Gastronok
 11986 | D:10     | Identified the +4 morningstar of Suamm {drain, Int+2} (You found it on level 9 of the Dungeon)
 11997 | D:10     | Mangled by Gastronok

Vault maps used:
D:1:      evilmike_arrival_come_back
D:2:      gammafunk_pakellas_spire_experiment, serial_forest,
          infiniplex_forest_corner_2, infiniplex_forest_lined_2,
          infiniplex_forest_zigzag_2, infiniplex_forest_clump_double,
          infiniplex_forest_lined_3, infiniplex_forest_clump_small,
          infiniplex_forest_end_3
D:3:      first_bread, uniq_crazy_yiuf_cottage
D:4:      nicolae_overflow_crystal_walls, serial_column_ruins,
          column_ruins_square_large, column_ruins_grid_2,
          column_ruins_open_tiny, column_ruins_grid_3, uniq_edmund,
          uniq_grinder, uniq_robin
D:5:      lemuel_doored_altar, lemuel_blue_sif_altar, okawaru_ov_weapons_minmay,
          kennysheep_little_box, lemuel_temple_firewalk, uniq_blork_the_orc,
          uniq_sigmund
D:6:      lemuel_castle_with_subvaults, nicolae_qazlal_eye_of_the_storm,
          minmay_misc_feat_rows, kennysheep_small_square
D:7:      kennysheep_mini_moat
D:8:      basic_altar, grunt_pizzeria, minmay_strange_pillars, dk_noncrumbling_4
D:10:     minmay_goldmine, serial_shops, shop, uniq_gastronok, uniq_erolcha
Temple:   circular_temple_12

Skill      XL: |  1  2  3  4  5  6  7  8  9 10 |
---------------+-------------------------------+-----
Short Blades   | 2 3 5 7 8 |  8.5
Hexes          | 4 5 6 |  6.5
Ice Magic      | 1 3 4 5 |  5.1
Stealth        | 5 7 9 |  9.2
Shields        | 1 3 5 |  5.6
Fighting       | 2 4 5 |  5.5
Dodging        | 3 5 |  5.4
Spellcasting   | 3 |  3.1

Action                   |  1- 3 |  4- 6 |  7- 9 | 10-12 || total
-------------------------+-------+-------+-------+-------++-------
Melee: Dagger            |   127 |   230 |   653 |   235 ||  1245
       Morningstar       |       |       |       |    11 ||    11
 Fire: Blowgun           |       |       |       |     4 ||     4
Throw: Stone             |     2 |     2 |     3 |       ||     7
 Cast: Corona            |    24 |    14 |    17 |     6 ||    61
       Ensorcelled Hiber |     4 |    25 |   112 |    60 ||   201
       Confuse           |     1 |     3 |    11 |     5 ||    20
Evoke: Wand              |       |       |       |     2 ||     2
  Use: Scroll            |       |       |     6 |     2 ||     8
 Stab: Sleeping          |     2 |    18 |    60 |    41 ||   121
       Distracted        |     1 |     1 |     2 |     1 ||     5
       Confused          |       |     1 |    10 |     2 ||    13
  Eat: Chunk             |    10 |    14 |    25 |    15 ||    64
